 Dungeon Crawl Stone Soup version 0.25.1-9-gc5326a611f (webtiles) character file.

Game seed: 11862843056263850988

240 Descartes the Skirmisher (level 5, -1/48 HPs)
             Began as a Demonspawn Wanderer on Jan 1, 2021.
             Slain by Grinder (3 damage)
             ... on level 3 of the Dungeon.
             The game lasted 00:06:06 (5965 turns).

Descartes the Skirmisher (Demonspawn Wanderer)      Turns: 5965, Time: 00:06:07

Health: -1/48      AC:  9    Str: 15    XL:     5   Next: 80%
Magic:  5/5        EV:  9    Int: 11    God:
Gold:   138        SH:  0    Dex: 13    Spells: 4/4 levels left

rFire    . . .     SeeInvis +   a - +2 dagger
rCold    . . .     Gourm    .   (no shield)
rNeg     . . .     Faith    .   g - +0 scale mail
rPois    .         Spirit   .   (helmet restricted)
rElec    .         Reflect  .   (no cloak)
rCorr    .         Harm     .   (no gloves)
MR       .....                  m - +2 pair of boots
Stlth    ..........             (no amulet)
HPRegen  0.16/turn              p - ring of see invisible
MPRegen  0.09/turn              (no ring)

@: hasted, very quick
A: antennae 1, rot immunity, sturdy frame 1
a: no special abilities


You were on level 3 of the Dungeon.
You were not hungry.

You visited 1 branch of the dungeon, and saw 3 of its levels.

You collected 138 gold pieces.

Inventory:

Hand Weapons
 a - a +2 dagger (weapon)
 c - a +0 mace
 B - a +0 vorpal falchion
Missiles
 b - 3 curare-tipped darts (quivered)
 h - 6 silver boomerangs
 n - 92 stones
 o - 22 arrows
 r - 13 bolts
 u - 21 poisoned darts
 A - 2 boomerangs
Armour
 e - a +0 robe
 g - a +0 scale mail (worn)
 m - a +2 pair of boots (worn)
Jewellery
 p - a ring of see invisible (left hand)
Scrolls
 i - a scroll of remove curse {unknown}
 j - 2 scrolls of immolation {unknown}
 v - a scroll of identify {unknown}
 w - a scroll of magic mapping {unknown}
 x - a scroll of amnesia {unknown}
 y - a scroll of teleportation {unknown}
Potions
 d - a potion of curing
 k - a potion of ambrosia {unknown}
 l - 2 potions of haste
 s - 2 potions of lignification {unknown}
 t - a potion of stabbing {unknown}
Comestibles
 f - 3 rations
 z - 6 chunks of flesh


   Skills:
 + Level 7.1 Fighting
 - Level 2.6 Maces & Flails
 - Level 1.7 Throwing
 - Level 1.0 Armour


You had 4 spell levels left.
You didn't know any spells.
Your spell library was empty.

Dungeon Overview and Level Annotations

Branches:
Dungeon (3/15)

Altars:
Ashenzari
Fedhas
Okawaru
Ru
Xom

Annotations:
D:3 Grinder


Innate Abilities, Weirdness & Mutations

You have a pair of small antennae on your head.
You are immune to rotting.
Your movements are slightly less encumbered by armour. (ER -2)


Message History

Pain shoots through your body!
You hit Grinder but do no damage.
Grinder is heavily wounded.
Grinder gestures at you. Pain shoots through your body!
* * * LOW HITPOINT WARNING * * *
You barely miss Grinder.
Grinder is heavily wounded.
Grinder hits you.
* * * LOW HITPOINT WARNING * * *
You writhe in agony.
* * * LOW HITPOINT WARNING * * *
You hit Grinder.
Grinder is heavily wounded.
You closely miss Grinder.
Grinder is heavily wounded.
Grinder hits you!
* * * LOW HITPOINT WARNING * * *
You writhe in agony.
You die...

..... ... #.#.# ...
#.#.# ... #.... ...
#.#.# ..# #.#.# .
#####.#.#######....
#.............^.....#
#...@....######.....#
#....5..............#
#........######.....#
#....รท..............#
####...................#
.......................#
.......................#
........##........#.##..
........##........#.###.


You could see Grinder.

Vanquished Creatures
  Natasha (thrice) (D:2)
  4 gnolls
  2 adders
  An ooze (D:1)
  3 worms (D:2)
  2 dart slugs
  5 leopard geckos
  6 orcs (D:3)
  4 giant cockroaches
  4 goblins
  11 hobgoblins
  5 jackals
  7 kobolds
  2 quokkas
  2 ball pythons (D:2)
  5 bats (D:1)
  2 frilled lizards (D:3)
  14 rats
82 creatures vanquished.

Notes
Turn   | Place    | Note
-------+----------+-------------------------------------------
     0 | D:1      | Descartes the Demonspawn Wanderer began the quest for the
                  | Orb.
     0 | D:1      | Descartes set off with the following items: a +2 dagger, 3
                  | curare-tipped darts, a +0 mace, a potion of curing, a +0
                  | robe, a ration
     0 | D:1      | Reached XP level 1. HP: 19/19 MP: 1/1
   483 | D:1      | Gained mutation: You have a pair of small antennae on your
                  | head. [demonic ancestry]
   483 | D:1      | Reached XP level 2. HP: 26/26 MP: 2/2
  1071 | D:1      | Reached skill level 5 in Fighting
  1080 | D:1      | Gained mutation: Your movements are slightly less
                  | encumbered by armour. (ER -2) [demonic ancestry]
  1080 | D:1      | Reached XP level 3. HP: 33/33 MP: 3/3
  2115 | D:2      | Reached XP level 4. HP: 39/39 MP: 4/4
  2671 | D:2      | Found a blossoming altar of Fedhas.
  2674 | D:2      | Found an iron altar of Okawaru.
  2674 | D:2      | Noticed Natasha
  2696 | D:2      | Killed Natasha
  2696 | D:2      | Reached skill level 6 in Fighting
  3397 | D:2      | Found a blossoming altar of Fedhas.
  3398 | D:2      | Found an iron altar of Okawaru.
  3647 | D:2      | Noticed Natasha
  3667 | D:2      | Killed Natasha
  3667 | D:2      | Gained mutation: You are immune to rotting. [demonic
                  | ancestry]
  3667 | D:2      | Reached XP level 5. HP: 28/47 MP: 5/5
  4496 | D:2      | Noticed Natasha
  4507 | D:2      | Killed Natasha
  4593 | D:2      | Found a blossoming altar of Fedhas.
  4594 | D:2      | Found an iron altar of Okawaru.
  4747 | D:3      | Found a shattered altar of Ashenzari.
  4750 | D:3      | Found a shimmering altar of Xom.
  4750 | D:3      | Found a sacrificial altar of Ru.
  4845 | D:3      | Found a faded altar of an unknown god.
  5198 | D:2      | HP: 1/47 [gnoll/+0 whip (6)]
  5527 | D:3      | Reached skill level 7 in Fighting
  5926 | D:3      | Noticed Grinder
  5965 | D:3      | HP: 2/48 [Grinder (7)]
  5965 | D:3      | Slain by Grinder

Illustrated notes

Levels and vault maps discovered:
D:1:      scummos_arrival_simple_crosswalls, layout_basic, serial_corexii_hall,
          corexii_hall_statues_s, chequers_hall_statues_wall_a
D:2:      layout_basic, nicolae_overflow_hidden_temple, uniq_natasha
D:3:      layout_basic, chequers_temple_overflow_statue_of_worship,
          chequers_ecumenical_altar_simple, kennysheep_slug_shrine, uniq_grinder

Skill      XL: |  1  2  3  4  5 |
---------------+----------------+-----
Fighting       | 5 6 7 |  7.1
Maces & Flails | |  2.6
Throwing       | |  1.7
Armour         | |  1.0

Action                   |  1- 3 |  4- 6 || total
-------------------------+-------+-------++-------
Melee: Dagger            |   175 |   270 ||   445
  Use: Potion            |       |     2 ||     2
  Eat: Chunk             |     4 |     9 ||    13
       Ration            |       |     1 ||     1
Armor: Robe              |    17 |       ||    17
       Scale mail        |    51 |   101 ||   152
Dodge: Dodged            |   103 |   119 ||   222
